 Dungeon Crawl Stone Soup version 0.20-a0-970-gcd8f41e (webtiles) character file.

55703 Angani the Zephyrmancer (level 14, -19/116 HPs)
             Began as a Yellow Draconian Wanderer on Apr 8, 2017.
             Was the Champion of Ru.
             Killed from afar by a hell hound (34 damage)
             ... with a blast of flame
             ... on level 6 of the Lair of Beasts.
             The game lasted 01:04:24 (23751 turns).

Angani the Zephyrmancer (DrWn)                     Turns: 23751, Time: 01:04:25

Health: -19/116    AC: 12    Str: 15    XL:     14   Next: 39%
Magic:  24/24      EV: 17    Int: 19    God:    Ru [******]
Gold:   1162       SH:  0    Dex: 11    Spells: 10/27 levels left

rFire    x . .     SeeInvis .   C - +5 scimitar (flame)
rCold    x . .     Gourm    .   (shield unavailable)
rNeg     . . .     Faith    .   (armour unavailable)
rPois    .         Spirit   .   (helmet restricted)
rElec    .         Reflect  .   h - +0 cloak
rCorr    +         Harm     .   V - +1 pair of gloves
MR       ++...                  t - +0 pair of boots
Stlth    ++........             y - amulet of regeneration
Regen    0.7/turn               (ring unavailable)
MPRegen  0.2/turn               g - ring of stealth

@: short of breath, very slightly contaminated
A: spit acid, acid resistance, unfitting armour, horns 1, magic resistance 1,
strong 1, wild magic 1, acidic bite, cold-blooded, missing a hand, hated by all,
temperature sensitive, AC +8
a: Breathe Acid, Draw Out Power, Power Leap, Apocalypse, Renounce Religion


You were on level 6 of the Lair of Beasts.
You worshipped Ru.
Ru was exalted by your worship.
You were hungry.

You visited 3 branches of the dungeon, and saw 18 of its levels.
You also visited: Ossuary.

You collected 1162 gold pieces.

Inventory:

Hand Weapons
 C - a +5 scimitar of flaming (weapon)
Armour
 h - a +0 cloak (worn)
 t - a +0 pair of boots (worn)
 V - a +1 pair of gloves (worn)
Jewellery
 g - a ring of stealth (right hand)
 m - an uncursed ring of see invisible {unknown}
 y - an amulet of regeneration (around neck)
 F - an uncursed ring of flight
 Q - an uncursed ring of protection from fire
Wands
 a - a wand of paralysis (18/24)
 M - a wand of digging (2/24)
 R - a wand of flame (28/48)
 Z - a wand of iceblast (7/15)
Scrolls
 e - 4 scrolls of enchant armour {unknown}
 j - 7 scrolls of teleportation
 s - 3 scrolls of fog
 u - 5 scrolls of immolation {unknown}
 v - 3 scrolls of amnesia {unknown}
 w - 4 scrolls of magic mapping
 x - a scroll of recharging
 A - 9 scrolls of remove curse
 B - 2 scrolls of blinking
 G - a scroll of vulnerability
 S - a scroll of fear
Potions
 f - 12 potions of curing
 l - 2 potions of brilliance
 n - 2 potions of cancellation
 o - 4 potions of resistance
 p - 3 potions of haste
 r - a potion of agility
 z - 3 potions of flight
 D - 2 potions of lignification
 E - a potion of invisibility
 K - 4 potions of mutation
 L - 2 potions of magic
Books
 b - Ykoumm Voseng's Compendium of Fire

   Spells                             Type                      Level
   a - Flame Tongue                   Conjuration/Fire             1
   b - Conjure Flame                  Conjuration/Fire             3
 c - Sif Muna's Papyrus of Contamination

   Spells                             Type                      Level
   a - Sting                          Conjuration/Poison           1
   b - Mephitic Cloud                 Conjuration/Poison/Air       3
 k - a book of Frost

   Spells                             Type                      Level
   a - Freeze                         Ice                          1
   b - Throw Frost                    Conjuration/Ice              2
   c - Ozocubu's Armour               Charms/Ice                   3
   d - Throw Icicle                   Conjuration/Ice              4
   e - Summon Ice Beast               Ice/Summoning                4
 H - a book of Changes

   Spells                             Type                      Level
   a - Beastly Appendage              Transmutation                1
   b - Sticks to Snakes               Transmutation                2
   c - Spider Form                    Transmutation/Poison         3
   d - Ice Form                       Ice/Transmutation            4
   e - Blade Hands                    Transmutation                5
 I - the Almanac of Gliding Shape Shifting
   (You found it on level 8 of the Dungeon)

   Spells                             Type                      Level
   a - Shock                          Conjuration/Air              1
   b - Sticks to Snakes               Transmutation                2
   c - Passwall                       Transmutation/Earth          2
   d - Petrify                        Transmutation/Earth          4
   e - Silence                        Hexes/Air                    5
   f - Freezing Cloud                 Conjuration/Ice/Air          6
 U - a Fen Folio

   Spells                             Type                      Level
   a - Corpse Rot                     Necromancy                   2
   b - Stone Arrow                    Conjuration/Earth            3
   c - Leda's Liquefaction            Hexes/Earth                  4
   d - Summon Forest                  Summoning/Translocation      5
   e - Hydra Form                     Transmutation                6
   f - Summon Hydra                   Summoning                    7
 W - a book of the Sky

   Spells                             Type                      Level
   a - Summon Lightning Spire         Summoning/Air                4
   b - Silence                        Hexes/Air                    5
   c - Deflect Missiles               Charms/Air                   6
   d - Conjure Ball Lightning         Conjuration/Air              6
   e - Tornado                        Air                          9
Miscellaneous
 i - a lightning rod (inert)
Comestibles
 d - 11 bread rations
 q - 4 meat rations
 J - 7 chunks of flesh
 N - 12 fruits
 Y - 2 royal jellies


   Skills:
 - Level 8.5 Fighting
 - Level 10.0 Long Blades
   Level 1.0 Axes
 - Level 10.1 Dodging
 - Level 7.0 Spellcasting
 - Level 5.1 Conjurations
 - Level 11.0 Hexes
 + Level 2.2 Necromancy
 - Level 5.2 Fire Magic
 + Level 12.0 Air Magic
 - Level 1.0 Poison Magic
 - Level 1.0 Evocations


You had 10 spell levels left.
You knew the following spells:

 Your Spells              Type           Power        Failure   Level  Hunger
a - Sting                 Conj/Pois      ###.         6%          1    None
b - Flame Tongue          Conj/Fire      ####.        2%          1    None
c - Silence               Hex/Air        ######....   4%          5    #####..
d - Conjure Flame         Conj/Fire      ####....     8%          3    #......
e - Mephitic Cloud        Conj/Pois/Air  #####...     4%          3    #......
f - Passwall              Tmut/Erth      #.........   24%         2    None
g - Corpse Rot            Necr           N/A          14%         2    None


Dungeon Overview and Level Annotations

Branches:
Dungeon (11/15)            Temple (1/1) D:5            Lair (6/6) D:11
  Swamp (0/4) Lair:2        Snake (0/4) Lair:4        Slime (0/5) Lair:6
    Orc: D:9-12

Altars:
Ashenzari
Cheibriados
Dithmenos
Elyvilon
Fedhas
Gozag
Hepliaklqana
Kikubaaqudgha
Makhleb
Nemelex Xobeh
Okawaru
Qazlal
Ru
Sif Muna
Trog
Uskayaw
Vehumet
Wu Jian
Xom
Yredelemnul
Zin
The Shining One
Jiyva

Shops:
D:9 =*


Innate Abilities, Weirdness & Mutations

You can spit globs of acid.
You are resistant to acid.
Your golden yellow scales are hard. (AC +8)
You cannot fit into any form of body armour.
You have acidic saliva.
You are cold-blooded and may be slowed by cold attacks.
You are missing a hand.
You are hated by all.
You are sensitive to extremes of temperature. (rF-, rC-)
You have a pair of small horns on your head.
You are resistant to hostile enchantments. (MR+)
Your muscles are strong. (Str +2)
Your spells are a little harder to cast, but a little more powerful.


Message History

Aiming: Thunderbolt
Press: ? - help, Shift-Dir - straight line, f - hell hound, p - hell hound
Aim: a hell hound The thunderbolt hits the hell hound.
The hell hound is almost dead.
The thunderbolt hits the hell hound.
You kill the hell hound!
The lightning rod overheats!
You hear an angry growl.
Unknown command.
The hell hound breathes flames at you. The blast of flame hits you!
The fire burns you terribly!
* * * LOW HITPOINT WARNING * * *
Press: ? - help, Shift-Dir - straight line, f/p - hell hound
Aim: a hell hound (almost dead, catching its breath)
You spit a glob of acid.
The glob of acid misses the hell hound.
You feel somewhat more hungry. The hell hound breathes flames at you.
The blast of flame hits you! The fire burns you terribly!
You die...

......##.####h############
.?.............##........##
...#.#.......h.##.........#
..#..#........###.........#
.##..#........###.........#
###....###.....h..........##
#P#...## #...##Ph..........#
......##########...........##
.......#.P## #..@.........#.#
...........####...........#.#
............###............##
...........................#
...........#.P............##
.......##########........##
......## ##......## ......##
##.P...### .......#
#.##.....#


You could see 2 hell hounds.

Vanquished Creatures
  The ghost of Deemzul the Cleaver, a journeyman HOFi of Beogh (D:10)
  3 hydras
  A catoblepas (Lair:3)
  An anaconda (Lair:6)
  A centaur warrior (D:9)
  6 death yaks (Lair:6)
  A sixfirhy (D:11)
  Pikel (D:8)
  The ghost of Mulkerokala the Slicer, a novice KoCK of Xom (D:7)
  An ugly thing (D:11)
  2 wolf spiders (Lair:6)
  The ghost of Mulkerokala the Chucker, a novice HuHu (D:4)
  4 oklob plants (Lair:4)
  4 elephants (Lair:6)
  Joseph (D:8)
  A guardian serpent (Lair:6)
  13 black mambas
  18 spiny frogs
  A rime drake (Lair:5)
  8 komodo dragons
  5 polar bears
  A tyrant leech (Lair:2)
  2 hornets (Lair:6)
  3 trolls
  Prince Ribbit (D:8)
  17 dream sheep (Lair:6)
  7 blink frogs
  8 hippogriffs
  A spriggan (Lair:3)
  A shadow (D:9)
  30 yaks
  14 wyverns (Lair:6)
  A hungry ghost (D:8)
  A warg (Lair:6)
  A steam dragon (D:7)
  2 nagas (Lair:4)
  2 acid dragons (D:11)
  3 hell hounds (Lair:6)
  14 water moccasins
  4 porcupines
  Duvessa (D:7)
  2 ice beasts (D:10)
  4 orc warriors
  8 black bears
  6 ogres
  A sky beast (D:10)
  4 boggarts (D:11)
  23 wolves
  5 phantoms
  5 centaurs
  12 crocodiles
  Blork the orc (D:4)
  A big kobold (D:11)
  10 bullfrogs
  Dowan (D:7)
  4 scorpions
  2 water moccasin skeletons
  6 killer bees (D:7)
  12 wights
  3 howler monkeys
  6 crimson imps
  3 centaur zombies
  5 jellies
  Crazy Yiuf (D:5)
  4 orc priests
  8 hounds
  2 bullfrog skeletons
  2 centaur skeletons
  Natasha (thrice) (D:2)
  An iguana (D:5)
  13 orc wizards
  14 worker ants
  A hound zombie (D:11)
  3 hound skeletons
  3 mummies (Ossuary)
  3 worker ant zombies
  3 gnolls (D:6)
  15 adders
  3 shadow imps
  An adder zombie (D:5)
  An adder skeleton (D:4)
  3 worms
  10 leopard geckos
  45 orcs
  5 bats
  4 giant cockroaches
  A gnoll zombie (Ossuary)
  7 goblins
  9 hobgoblins
  3 jackals (D:6)
  16 kobolds
  5 quokkas
  2 ball pythons
  2 frilled lizards
  4 goblin zombies (Ossuary)
  A hobgoblin zombie (Ossuary)
  A leopard gecko skeleton (D:8)
  A leopard gecko zombie (D:5)
  An orc zombie (Ossuary)
  A quokka skeleton (D:8)
  8 rats
  2 fungi (D:8)
  28 plants
553 creatures vanquished.

Vanquished Creatures (others)
  A hydra (Lair:4)
  Erica (D:8)
  Maurice (D:8)
  A tyrant leech (Lair:2)
  2 hippogriffs
  A spriggan (Lair:3)
  A yak (D:11)
  A porcupine (Lair:5)
  An orc warrior (D:8)
  4 slaves (D:8)
  A howler monkey (D:8)
  An orc priest (D:8)
  A hound (D:7)
  2 worker ants
  An orc (D:8)
  A giant cockroach (D:8)
  24 fungi
  50 plants
95 creatures vanquished.

Grand Total: 648 creatures vanquished

Notes
Turn   | Place    | Note
-------+----------+-------------------------------------------
     0 | D:1      | Angani the Draconian Wanderer began the quest for the Orb.
     0 | D:1      | Angani set off with: a +2 hand axe, Ykoumm Voseng's Compendium of Fire, Sif Muna's Papyrus of Contamination, a bread ration
     0 | D:1      | Reached XP level 1. HP: 17/17 MP: 5/5
     0 | D:1      | Identified Ykoumm Voseng's Compendium of Fire
     0 | D:1      | Identified Sif Muna's Papyrus of Contamination
     2 | D:1      | Learned a level 1 spell: Sting
     4 | D:1      | Learned a level 1 spell: Flame Tongue
   255 | D:1      | Reached XP level 2. HP: 26/26 MP: 7/7
   958 | D:2      | Reached XP level 3. HP: 29/33 MP: 8/8
  1275 | D:2      | Noticed Natasha
  1322 | D:2      | Killed Natasha
  1322 | D:2      | Reached XP level 4. HP: 8/41 MP: 8/10
  1533 | D:2      | Noticed Natasha
  1539 | D:2      | Killed Natasha
  1539 | D:2      | Reached skill level 5 in Fighting
  1804 | D:2      | Noticed Natasha
  1811 | D:2      | Killed Natasha
  1939 | D:2      | Reached XP level 5. HP: 34/50 MP: 11/11
  2761 | D:3      | Found a shattered altar of Ashenzari.
  2889 | D:3      | Found a glowing silver altar of Zin.
  3049 | D:3      | Found an opulent altar of Gozag.
  3352 | D:4      | Noticed an ogre
  3353 | D:4      | Noticed a phantom
  3353 | D:4      | Noticed Mulkerokala's ghost (novice HuHu)
  3358 | D:5      | Entered Level 5 of the Dungeon
  3384 | D:5      | Noticed an ogre
  3405 | D:5      | Found a runed door.
  3409 | D:5      | Noticed Crazy Yiuf
  3419 | D:5      | Killed Crazy Yiuf
  3419 | D:5      | Reached XP level 6. HP: 37/60 MP: 12/12
  3917 | D:5      | Found a staircase to the Ecumenical Temple.
  3949 | Temple   | Entered the Ecumenical Temple
  4046 | Temple   | Became a worshipper of Ru the Awakened
  4485 | D:5      | Found a basalt altar of Yredelemnul.
  4522 | D:5      | Your scales start taking on a golden yellow colour.
  4522 | D:5      | Reached XP level 7. HP: 67/69 MP: 13/13
  4776 | D:5      | Reached skill level 1 in Dodging
  5067 | D:5      | Found a bloodstained altar of Trog.
  5773 | D:4      | Reached XP level 8. HP: 75/75 MP: 14/14
  5866 | D:3      | Reached skill level 5 in Dodging
  5905 | D:3      | Reached skill level 1 in Conjurations
  5905 | D:3      | Reached skill level 1 in Fire Magic
  6397 | D:3      | Gained mutation: You are sensitive to extremes of temperature. (rF-, rC-) [Ru sacrifice]
  6397 | D:3      | Reached * piety under Ru
  6397 | D:3      | Reached ** piety under Ru
  6751 | D:4      | Found a deep blue altar of Sif Muna.
  6841 | D:4      | Noticed Blork the orc
  6854 | D:4      | Killed Blork the orc
  7001 | D:4      | Killed Mulkerokala's ghost
  7149 | D:4      | Found a bloodstained altar of Trog.
  7430 | D:6      | Reached XP level 9. HP: 71/82 MP: 15/15
  7465 | D:6      | Reached skill level 5 in Fire Magic
  7472 | D:6      | Reached skill level 5 in Conjurations
  8376 | D:7      | Found a shadowy altar of Dithmenos.
  8394 | D:7      | Found a sand-covered staircase.
  8400 | Ossuary  | Entered an ossuary
  8905 | D:7      | Noticed Duvessa
  8905 | D:7      | Noticed Dowan
  8918 | D:7      | Killed Duvessa
  8925 | D:7      | Killed Dowan
  9015 | D:7      | Gained mutation: You are missing a hand. [Ru sacrifice]
  9015 | D:7      | Reached *** piety under Ru
  9015 | D:7      | Reached **** piety under Ru
  9015 | D:7      | Reached ***** piety under Ru
  9177 | D:7      | Noticed Mulkerokala's ghost (novice KoCK)
  9262 | D:7      | Killed Mulkerokala's ghost
  9262 | D:7      | Reached XP level 10. HP: 58/90 MP: 16/16
  9859 | D:8      | Noticed Pikel
  9874 | D:8      | Noticed Prince Ribbit
  9883 | D:8      | Killed Pikel
 10049 | D:8      | Killed Prince Ribbit
 10049 | D:8      | Reached skill level 10 in Dodging
 10055 | D:8      | Identified the Almanac of Gliding Shape Shifting
 10180 | D:8      | Noticed Maurice
 10356 | D:8      | Killed Maurice
 10356 | D:8      | Reached skill level 5 in Spellcasting
 10375 | D:8      | Gained mutation: You have a pair of small horns on your head. [potion of mutation]
 10375 | D:8      | Gained mutation: You are resistant to hostile enchantments. (MR+) [potion of mutation]
 10375 | D:8      | Gained mutation: Your spells are a little harder to cast, but a little more powerful. [potion of mutation]
 10375 | D:8      | Gained mutation: Your muscles are strong. (Str +2) [potion of mutation]
 10399 | D:8      | Noticed Erica
 10412 | D:8      | Killed Erica
 10927 | D:8      | Reached skill level 1 in Long Blades
 10984 | D:8      | Noticed Joseph
 11000 | D:8      | Killed Joseph
 11383 | D:8      | Found a shattered altar of Ashenzari.
 11386 | D:8      | Found an iron altar of Okawaru.
 11392 | D:8      | Found a glowing golden altar of the Shining One.
 11662 | D:8      | Found a blossoming altar of Fedhas.
 11962 | D:9      | Reached XP level 11. HP: 54/95 MP: 21/21
 12251 | D:9      | Noticed a centaur warrior
 12262 | D:9      | Killed a centaur warrior
 12309 | D:9      | Reached skill level 5 in Long Blades
 12391 | D:9      | Found Myza's Changing Room.
 12452 | D:9      | Found Mevaytz's Jewellery Shop.
 12472 | D:9      | Gained mutation: You are hated by all. [Ru sacrifice]
 12472 | D:9      | Reached ****** piety under Ru
 12850 | D:10     | Entered Level 10 of the Dungeon
 13040 | D:10     | Noticed Deemzul's ghost (journeyman HOFi)
 13048 | D:10     | Killed Deemzul's ghost
 13514 | D:11     | Found a runed door.
 13514 | D:11     | Noticed a sixfirhy
 13578 | D:11     | Killed a sixfirhy
 13973 | D:11     | Found a staircase to the Lair.
 14250 | D:11     | Noticed a cyan ugly thing
 14262 | D:11     | Killed a cyan ugly thing
 14502 | Lair:1   | Entered Level 1 of the Lair of Beasts
 14622 | Lair:1   | Reached skill level 10 in Long Blades
 14822 | Lair:1   | Learned a level 5 spell: Silence
 14826 | Lair:1   | Learned a level 3 spell: Conjure Flame
 14830 | Lair:1   | Learned a level 3 spell: Mephitic Cloud
 14833 | Lair:1   | Learned a level 2 spell: Passwall
 14894 | Lair:1   | Reached skill level 1 in Hexes
 14962 | Lair:1   | Reached skill level 1 in Air Magic
 15174 | Lair:1   | Reached skill level 2 in Air Magic
 15294 | Lair:1   | Reached XP level 12. HP: 102/103 MP: 22/22
 15665 | Lair:2   | Reached skill level 3 in Air Magic
 15721 | Lair:2   | Found a staircase to the Swamp.
 15954 | Lair:2   | Noticed a seven-headed hydra
 16021 | Lair:2   | Killed a three-headed hydra
 16021 | Lair:2   | Reached skill level 4 in Air Magic
 16252 | Lair:2   | Reached skill level 5 in Air Magic
 16501 | Lair:2   | Reached skill level 5 in Hexes
 17435 | Lair:3   | Reached skill level 6 in Air Magic
 17693 | Lair:3   | Noticed a catoblepas
 17701 | Lair:3   | Killed a catoblepas
 18090 | Lair:4   | Reached skill level 7 in Air Magic
 18288 | Lair:4   | Noticed a six-headed hydra
 18298 | Lair:4   | Killed a six-headed hydra
 18477 | Lair:4   | Found a staircase to the Snake Pit.
 19377 | Lair:4   | Reached XP level 13. HP: 94/108 MP: 23/23
 19400 | Lair:4   | Reached skill level 8 in Air Magic
 20373 | Lair:5   | Reached skill level 9 in Air Magic
 20749 | Lair:6   | Entered Level 6 of the Lair of Beasts
 21108 | Lair:6   | Paralysed by a hornet for 1 turns
 21531 | Lair:6   | Reached skill level 10 in Air Magic
 21789 | Lair:6   | Found a staircase to the Slime Pits.
 21789 | Lair:6   | Found a viscous altar of Jiyva.
 22288 | Lair:6   | Reached skill level 10 in Hexes
 22421 | Lair:6   | Reached skill level 11 in Air Magic
 22451 | Lair:6   | Gained mutation: You have acidic saliva. [Yellow Draconian growth]
 22451 | Lair:6   | Reached XP level 14. HP: 78/116 MP: 24/24
 23345 | Lair:6   | Learned a level 2 spell: Corpse Rot
 23496 | Lair:6   | Reached skill level 1 in Necromancy
 23700 | Lair:6   | Reached skill level 12 in Air Magic
 23751 | Lair:6   | Killed from afar by a hell hound

Vault maps used:
D:1:      shiori_arrival_maze
D:2:      uniq_natasha
D:3:      lemuel_round_altar, overflow_temple_1_default,
          nicolae_ashenzari_panopticon
D:4:      lemuel_doored_altar, first_bread, trog_book, uniq_blork_the_orc
D:5:      marbit_many_paths, yredelemnul_altar_generic, temple_doors_e,
          hangedman_abyss_or_decor_passed, uniq_crazy_yiuf_cottage
D:6:      corexii_corridor_pit
D:7:      kennysheep_mini, nicolae_ossuary_entry_plus, grunt_ogre_cave,
          kennysheep_another_room, grunt_ministairs_1, kennysheep_cross_room,
          uniq_duvessa
D:8:      grunt_temple_overflow_diamond, fedhas_altar_3, uniq_maurice,
          uniq_pikel, uniq_joseph, uniq_prince_ribbit1, uniq_erica
D:9:      serial_shops, shop, nicolae_transmutations_shop
D:11:     cheibrodos_shockbox, lair_entry_dummy, serial_column_ruins,
          column_ruins_circle_medium, column_ruins_hut,
          column_ruins_corridor_dead_end, column_ruins_open_large,
          column_ruins_open_medium, column_ruins_open_medium,
          column_ruins_open_medium, column_ruins_corridor_corner,
          column_ruins_open_tiny
Temple:   dshaligram_water_room_temple
Lair:1:   lemuel_fruit_tree, lemuel_fruit_fields
Lair:2:   minmay_swamp_entry_worms
Lair:3:   forest_entry_grove
Lair:4:   minmay_lair_oklob_tunnel, guppyfry_snake_entry_island
Lair:5:   serial_forest, infiniplex_forest_end_double,
          infiniplex_forest_clump_small, infiniplex_forest_straight_2,
          infiniplex_forest_side_room, infiniplex_forest_lined_3,
          infiniplex_forest_fountain, infiniplex_forest_clump_cross,
          infiniplex_forest_straight_2, infiniplex_forest_straight_2,
          beast_lair_carwin_5
Lair:6:   hangedman_lair_tendril_chambers, hangedman_lair_caniforms_friends,
          slime_altar_1, st_stairs_13
Ossuary:  ossuary_crypta

Skill      XL: |  1  2  3  4  5  6  7  8  9 10 11 12 13 14 |
---------------+-------------------------------------------+-----
Fighting       | 3 4 5 7 8 |  8.5
Dodging        | 4 5 8 10 | 10.1
Conjurations   | 4 5 |  5.1
Fire Magic     | 4 5 |  5.2
Shields        | 0 |  0.0
Spellcasting   | 7 |  7.0
Long Blades    | 3 10 | 10.0
Hexes          | 2 7 10 11 | 11.0
Air Magic      | 2 7 11 12 | 12.0
Necromancy     | 2 |  2.2
Axes           | |  1.0
Poison Magic   | |  1.0
Evocations     | |  1.0

Action                   |  1- 3 |  4- 6 |  7- 9 | 10-12 | 13-15 || total
-------------------------+-------+-------+-------+-------+-------++-------
Melee: Hand axe          |    76 |   196 |   609 |   143 |       ||  1024
       Tailslap          |    11 |    16 |    65 |   164 |    90 ||   346
       Scimitar          |       |       |       |   843 |   571 ||  1414
       Headbutt          |       |       |       |   175 |   118 ||   293
       Bite              |       |       |       |       |    21 ||    21
 Cast: Sting             |     2 |    35 |     9 |       |       ||    46
       Flame Tongue      |       |       |     9 |     1 |       ||    10
Invok: Sacrifice Resista |       |       |     1 |       |       ||     1
       Sacrifice a Hand  |       |       |     1 |       |       ||     1
       Sacrifice Love    |       |       |       |     1 |       ||     1
 Abil: Breathe Acid      |       |       |    25 |    48 |    28 ||   101
Evoke: Wand              |       |       |       |     6 |     1 ||     7
       Lightning rod     |       |       |       |       |     4 ||     4
  Use: Scroll            |       |     8 |    11 |     9 |     8 ||    36
       Potion            |       |       |       |     3 |     5 ||     8
 Stab: Sleeping          |     3 |     3 |     3 |     8 |     1 ||    18
       Distracted        |       |       |     4 |     6 |     2 ||    12
       Paralysed         |       |       |       |     8 |    25 ||    33
       Invisible         |       |       |       |     8 |     9 ||    17
  Eat: Chunk             |     1 |    11 |    18 |    33 |    21 ||    84
       Royal jelly       |       |       |     1 |     3 |       ||     4
       Meat ration       |       |       |       |     1 |       ||     1
Armor: Skin              |    30 |    74 |   211 |   172 |   115 ||   602
Dodge: Dodged            |    48 |   112 |   444 |   578 |   393 ||  1575
Block: Other             |       |    11 |    36 |       |       ||    47
       Rpst.: Scimitar   |       |       |       |   124 |   122 ||   246
